 Dungeon Crawl Stone Soup version 0.31-a0-210-gccc998df9b (webtiles) character file.

Game seed: 11418857836933001715

10794 qw the Skirmisher (level 11, 0/71 HPs)
             Began as a Gargoyle Hexslinger on June 29, 2023.
             Was a Priest of Okawaru.
             Slain by a yak (4 damage)
             ... on level 1 of the Lair of Beasts.
             The game lasted 00:04:22 (8353 turns).

qw the Skirmisher (Gargoyle Hexslinger)             Turns: 8353, Time: 00:04:22

Health: 0/71       AC: 21    Str: 13    XL:     11   Next: 67%
Magic:  14/14      EV: 19    Int: 13    God:    Okawaru [***...]
Gold:   430        SH:  0    Dex: 22    Spells: 11/12 levels left

rFire   + . .        Y - +2 longbow (flame)
rCold   + . .        (shield currently unavailable)
rNeg    + . .        o - +3 leather armour {rC+}
rPois   inf          f - +1 helmet of the Jabberwock {rElec rF+ rCorr}
rElec   +            n - +0 cloak
rCorr   +            (no gloves)
SInv    .            l - +1 pair of boots
Will    .....        (no amulet)
Stlth   +++          e - +6 ring of dexterity
HPRegen 0.31/turn    (no ring)
MPRegen 0.14/turn

%: no passive effects
@: heroic
A: sickness immunity, AC +8, negative energy resistance 1, electricity
resistance, torment resistance 1, petrification resistance
a: Renounce Religion, Heroism


You were on level 1 of the Lair of Beasts.
You worshipped Okawaru.
Okawaru was most pleased with you.
You visited 3 branches of the dungeon, and saw 11 of its levels.
You also visited: Sewer.

You collected 445 gold pieces.
You spent 15 gold pieces at shops.


Innate Abilities, Weirdness & Mutations

You are immune to sickness and miasma.
Your stone body is resilient. (AC +8)
You are immune to poison.
You resist negative energy. (rN+)
You are resistant to electric shocks. (rElec)
You are resistant to unholy torment.
You are immune to petrification.


   Skills:
 + Level 9.2(14.2) Fighting
 - Level 14.0(19.0) Ranged Weapons
 - Level 3.2(8.2) Armour
 - Level 5.2(10.2) Dodging
 - Level 1.0 Spellcasting
 - Level 2.6 Hexes
 - Level 4.5 Invocations


You had 11 spell levels left.
You knew the following spells:

 Your Spells              Type           Power      Damage    Failure   Level
a - Slow                  Hex            28%        N/A       12%         1

Your spell library contained the following spells:

 Spells                   Type           Power      Damage    Failure   Level
 Inner Flame              Hex/Fire       4%         N/A       52%         3
 Portal Projectile        Hex/Tloc       8%         N/A       52%         3
 Cause Fear               Hex            3%         N/A       75%         4

Inventory:

Hand Weapons
 Y - a +2 longbow of flaming (weapon)
Armour
 a - a +0 troll leather armour
 f - the +1 helmet of the Jabberwock (worn) {rElec rF+ rCorr}
   (You acquired it on level 2 of the Dungeon)

   rF:        It protects you from fire.
   rElec:     It insulates you from electricity.
   rCorr:     It protects you from acid and corrosion.
 l - a +1 pair of boots (worn)
 m - the +0 robe "Uxeqeeso" {rF+ Dex+2}
   (You took it off an orc on level 4 of the Dungeon)

   Dex:       It affects your dexterity (+2).
   rF:        It protects you from fire.
 n - a +0 cloak (worn)
 o - a +3 leather armour of cold resistance (worn)
Jewellery
 b - a ring of ice
 e - a +6 ring of dexterity (left hand)
 g - a ring of resist corrosion
Scrolls
 d - 3 scrolls of identify
Potions
 c - a potion of haste
 h - a potion of mutation
 i - 4 potions of curing
 k - a potion of might

Dungeon Overview and Level Annotations

Branches:
Dungeon (9/15)             Temple (1/1) D:7            Lair (1/5) D:9
  Sewer (visited)
    Orc: D:9-12

Altars:
Cheibriados
Dithmenos
Elyvilon
Fedhas
Gozag
Hepliaklqana
Kikubaaqudgha
Makhleb
Nemelex Xobeh
Okawaru
Qazlal
Ru
Sif Muna
Trog
Uskayaw
Vehumet
Xom
Yredelemnul
Zin
The Shining One

Shops:
D:2 *   D:8 (

Annotations:
D:4 1 runed translucent door, Crazy Yiuf
D:6 2 transporters, qw's ghost, novice DEHu
D:7 Joseph
D:8 4 runed translucent doors


Message History

The water moccasin bites you but does no damage.
You shoot an arrow. The arrow hits the water moccasin.
The arrow burns the water moccasin.
The water moccasin is moderately wounded.
The water moccasin closely misses you.
The yak gores you but does no damage. x3
The water moccasin misses you.
You shoot an arrow. The arrow hits the water moccasin!
The arrow burns the water moccasin.
You kill the water moccasin!
Okawaru accepts your kill. The yak misses you. The yak gores you!
The yak gores you.
You shoot an arrow. The arrow hits the cane toad!
The arrow burns the cane toad.
The cane toad is heavily wounded.
The cane toad closely misses you. The yak misses you. The yak gores you!
The yak gores you but does no damage.
You shoot an arrow. The arrow hits the cane toad!!
The arrow burns the cane toad.
You kill the cane toad!
Okawaru accepts your kill. The yak completely misses you.
The yak barely misses you. The yak gores you but does no damage.
Your base Ranged Weapons skill increases to level 14!
You shoot an arrow. The arrow hits the yak!!
The arrow burns the yak.
The yak is severely wounded.
You shoot an arrow. The arrow hits the yak!!
The arrow burns the yak!
You kill the yak!
Okawaru accepts your kill. The yak gores you.
The yak gores you but does no damage. The yak closely misses you.
You shoot an arrow. The arrow hits the yak!
The arrow burns the yak.
The yak is heavily wounded.
The yak misses you. The yak completely misses you.
The yak gores you but does no damage.
You shoot an arrow. The arrow barely misses the yak.
The yak misses you. x2; The yak gores you but does no damage. x2
You shoot an arrow. The arrow hits the yak!
The arrow burns the yak.
The yak is severely wounded.
The yak closely misses you. The yak barely misses you.
The yak completely misses you. The yak gores you.
You die... ...8 #... ##...# #.... ##..% # #.YY# #. #YYY#

#.#Y@####
#....#..##
#..>.#...#
##.......#
####....###
.###.........###
#....#.........#
...............###
.................##
##


You could see 6 yaks.

Vanquished Creatures
  A centaur warrior (D:8)
  A two-headed ogre (D:9)
  Erica (D:8)
  An ugly thing (D:8)
  A cane toad (Lair:1)
  A rime drake (Lair:1)
  A komodo dragon (D:9)
  3 trolls (D:9)
  Grinder (D:3)
  Prince Ribbit (D:7)
  A wraith (D:9)
  2 wyverns (D:8)
  12 yaks
  An acid dragon (D:9)
  Edmund (D:6)
  2 water moccasins (Lair:1)
  Duvessa (D:6)
  2 ice beasts
  3 orc warriors
  A sky beast (D:7)
  2 black bears
  2 ogres (D:6)
  4 centaurs
  3 phantoms
  3 kobold brigands
  4 bullfrogs
  4 scorpions
  4 wights
  Dowan (D:6)
  9 killer bees
  4 howler monkeys
  2 jellies
  5 hounds
  4 orc priests
  A gnoll bouda (D:5)
  4 sleepcaps
  Natasha (twice) (D:4)
  6 iguanas
  4 orc wizards
  6 gnolls
  14 adders
  4 river rats
  A shadow imp (D:8)
  5 white imps
  An ufetubus (D:6)
  A worm (D:4)
  A dart slug (D:2)
  34 orcs
  8 bats
  3 endoplasms
  5 giant cockroaches
  7 goblins
  4 hobgoblins
  9 jackals
  2 quokkas
  18 ball pythons
  10 frilled lizards
  12 kobolds
  13 rats
264 creatures vanquished.

Vanquished Creatures (others)
  An orc (D:8)
1 creature vanquished.

Grand Total: 265 creatures vanquished

Notes
Turn   | Place    | Note
-------+----------+-------------------------------------------
     0 | D:1      | qw the Gargoyle Hexslinger began the quest for the Orb.
     0 | D:1      | Reached XP level 1. HP: 12/12 MP: 2/2
     0 | D:1      | 0 ||| qw: Version: 0.3-a-24-ga2abf7b
     0 | D:1      | 0 ||| qw: Game counter: 7029
     0 | D:1      | 0 ||| qw: Melee chars always use a shield: true
     0 | D:1      | 0 ||| qw: God list: Okawaru
     0 | D:1      | 0 ||| qw: Allow faded altars: false
     0 | D:1      | 0 ||| qw: Do Orc after clearing Dungeon:15 true
     0 | D:1      | 0 ||| qw: Do second Lair branch before Depths: true
     0 | D:1      | 0 ||| qw: Lair rune preference: random
     0 | D:1      | 0 ||| qw: Goals: Normal
     0 | D:1      | 0 ||| PLANNING D:1-11
   155 | D:1      | Reached XP level 2. HP: 16/16 MP: 3/3
   344 | D:1      | You fall into a shaft and drop 1 floor!
   405 | D:2      | Reached skill level 3 in Ranged Weapons
   472 | D:2      | Found a faded altar of an unknown god.
   500 | D:2      | 500 ||| UPGRADING to +0 leather armour.
   510 | D:2      | 510 ||| DROPPING +0 robe.
   511 | D:2      | 511 ||| UPGRADING to +1 pair of boots.
   516 | D:2      | 516 ||| READING scroll labelled PINEXT MURE.
   517 | D:2      | 517 ||| READING scroll labelled QUETEKKUSK.
   518 | D:2      | 518 ||| READING scroll labelled ZECHESHRYWA.
   519 | D:2      | 519 ||| READING scroll labelled DOMYZIQUAP.
   520 | D:2      | 520 ||| READING scroll labelled JEIMOT KAQE.
   521 | D:2      | 521 ||| DROPPING scroll of poison.
   526 | D:2      | Found Uqygaran's Assorted Antiques.
   733 | D:1      | Reached XP level 3. HP: 21/21 MP: 4/4
   801 | D:1      | 801 ||| UPGRADING to +0 ring mail.
   811 | D:1      | 811 ||| DROPPING +0 leather armour.
   812 | D:1      | 812 ||| READING 3 scrolls labelled LEMYNUOSAK.
   817 | D:1      | 817 ||| READING scroll labelled NIERYC AGEANUE.
   832 | D:1      | 832 ||| READING scroll labelled BUIXKU HERON.
   866 | D:2      | 866 ||| SHOPLISTING cloak (76 gold, have 38).
   866 | D:2      | 866 ||| SHOPLISTING peridot ring (85 gold, have 38).
   866 | D:2      | 866 ||| SHOPLISTING scroll of teleportation (51 gold, have
                  | 38).
   866 | D:2      | 866 ||| BUYING viscous silvery potion (15 gold).
   866 | D:2      | Bought a viscous silvery potion for 15 gold pieces
  1042 | D:2      | Reached skill level 1 in Armour
  1503 | D:2      | 1503 ||| UPGRADING to +0 helmet.
  1508 | D:2      | 1508 ||| READING scroll labelled MECZOM BUPYFUOQ.
  1508 | D:2      | Identified a scroll of acquirement
  1508 | D:2      | 1508 ||| ACQUIRING +1 helmet of the Jabberwock {rElec rF+
                  | rCorr}
  1508 | D:2      | Acquired the +1 helmet of the Jabberwock {rElec rF+ rCorr}
  1510 | D:2      | 1510 ||| UPGRADING to +1 helmet of the Jabberwock {rElec
                  | rF+ rCorr}.
  1520 | D:2      | 1520 ||| DROPPING +0 helmet.
  1521 | D:2      | 1521 ||| DRINKING 2 viscous silvery potions.
  1626 | D:2      | 1626 ||| DROPPING potion of berserk rage.
  1676 | D:3      | Reached XP level 4. HP: 26/26 MP: 5/5
  1748 | D:3      | Noticed Grinder
  1766 | D:3      | Paralysed by Grinder for 2 turns
  1770 | D:3      | Killed Grinder
  1771 | D:3      | Reached skill level 5 in Ranged Weapons
  1771 | D:3      | Reached XP level 5. HP: 23/30 MP: 6/6
  1771 | D:3      | Reached XP level 6. HP: 27/35 MP: 7/7
  2107 | D:3      | 2107 ||| UPGRADING to +0 cloak.
  2112 | D:3      | 2112 ||| DROPPING ring of flight.
  2113 | D:3      | 2113 ||| DROPPING ring of magical power.
  2114 | D:3      | 2114 ||| READING scroll labelled GITHIAMUYM.
  2115 | D:3      | 2115 ||| READING 2 scrolls labelled IDGHOM OTHRUEBOWN.
  2116 | D:3      | 2116 ||| READING scroll of enchant weapon.
  2116 | D:3      | 2116 ||| ENCHANTING +2 sling.
  2117 | D:3      | 2117 ||| DRINKING 3 fuming clear potions.
  2118 | D:3      | 2118 ||| READING 3 scrolls of identify.
  2118 | D:3      | 2118 ||| IDENTIFYING bubbling ruby potion
  2119 | D:3      | 2119 ||| READING 2 scrolls of identify.
  2119 | D:3      | 2119 ||| IDENTIFYING red potion
  2120 | D:3      | 2120 ||| DROPPING potion of lignification.
  2121 | D:3      | 2121 ||| DROPPING potion of brilliance.
  2131 | D:4      | 2131 ||| PLANNING SEWER
  2135 | D:4      | 2135 ||| STAIRDANCE
  2149 | D:3      | HP: 8/36 [gnoll/+0 club (6)]
  2150 | D:3      | Reached skill level 3 in Fighting
  2150 | D:3      | 2150 ||| READING 2 scrolls of teleportation.
  2151 | D:3      | 2151 ||| DRINKING 2 potions of heal wounds.
  2262 | D:4      | Reached skill level 6 in Ranged Weapons
  2290 | D:4      | Found a glowing drain.
  2296 | D:4      | Reached XP level 7. HP: 41/41 MP: 8/8
  2373 | Sewer    | Entered a sewer
  2463 | Sewer    | 2463 ||| Stepping ~*~*~tactically~*~*~ (water).
  2518 | Sewer    | 2518 ||| Stepping ~*~*~tactically~*~*~ (water).
  2566 | Sewer    | 2566 ||| Stepping ~*~*~tactically~*~*~ (water).
  2653 | Sewer    | 2653 ||| READING scroll labelled OQUAHOIGOG.
  2654 | Sewer    | 2654 ||| DRINKING 2 ruby potions.
  2655 | Sewer    | 2655 ||| READING 2 scrolls of identify.
  2655 | Sewer    | 2655 ||| IDENTIFYING lumpy cyan potion
  2656 | Sewer    | 2656 ||| DROPPING potion of invisibility.
  2693 | D:4      | 2693 ||| PLANNING D:1-11
  2775 | D:4      | Identified the +0 robe "Uxeqeeso" {rF+ Dex+2}
  2776 | D:4      | 2776 ||| Stepping ~*~*~tactically~*~*~ (outnumbered).
  2778 | D:4      | 2778 ||| Stepping ~*~*~tactically~*~*~ (outnumbered).
  2779 | D:4      | 2779 ||| Stepping ~*~*~tactically~*~*~ (outnumbered).
  3021 | D:4      | Found a runed translucent door.
  3022 | D:4      | Noticed Crazy Yiuf
  3068 | D:4      | Noticed Natasha
  3077 | D:4      | Killed Natasha
  3454 | D:4      | Noticed Natasha
  3459 | D:4      | Killed Natasha
  3460 | D:4      | Reached skill level 7 in Ranged Weapons
  3558 | D:4      | 3558 ||| UPGRADING to +0 robe "Uxeqeeso" {rF+ Dex+2}.
  3568 | D:4      | 3568 ||| DROPPING +0 ring mail.
  3569 | D:4      | 3569 ||| DRINKING 2 brown potions.
  3570 | D:4      | 3570 ||| DROPPING potion of magic.
  3587 | D:5      | Entered Level 5 of the Dungeon
  3600 | D:5      | 3600 ||| STAIRDANCE
  3687 | D:5      | Found a snail-covered altar of Cheibriados.
  3738 | D:5      | Reached XP level 8. HP: 48/48 MP: 9/9
  3879 | D:5      | Reached skill level 8 in Ranged Weapons
  4402 | D:5      | 4402 ||| DROPPING +2 hat.
  4403 | D:5      | 4403 ||| UPGRADING to +6 ring of dexterity.
  4404 | D:5      | 4404 ||| READING scroll labelled FARHUFR IFIF.
  4405 | D:5      | 4405 ||| READING 2 scrolls of identify.
  4405 | D:5      | 4405 ||| IDENTIFYING cyan potion
  4406 | D:5      | 4406 ||| DROPPING potion of degeneration.
  4427 | D:6      | 4427 ||| Stepping ~*~*~tactically~*~*~ (outnumbered).
  4475 | D:6      | Reached skill level 3 in Dodging
  4532 | D:6      | 4532 ||| Stepping ~*~*~tactically~*~*~ (outnumbered).
  4533 | D:6      | 4533 ||| Stepping ~*~*~tactically~*~*~ (outnumbered).
  4536 | D:6      | HP: 10/49 [ogre/+0 giant club (15)]
  4537 | D:6      | 4537 ||| READING 2 scrolls of teleportation.
  4538 | D:6      | 4538 ||| DRINKING 2 potions of heal wounds.
  4541 | D:6      | Noticed qw's ghost (novice DEHu)
  4668 | D:6      | Found a transporter.
  4681 | D:6      | Found a transporter.
  4692 | D:6      | Noticed Duvessa
  4693 | D:6      | Noticed Dowan
  4706 | D:6      | Killed Duvessa
  4707 | D:6      | Reached skill level 9 in Ranged Weapons
  4716 | D:6      | Killed Dowan
  4717 | D:6      | Reached XP level 9. HP: 24/54 MP: 10/10
  4739 | D:6      | 4739 ||| FLEEEEING.
  4783 | D:6      | 4783 ||| FLEEEEING.
  4784 | D:6      | 4784 ||| FLEEEEING.
  4785 | D:6      | 4785 ||| FLEEEEING.
  4786 | D:6      | 4786 ||| FLEEEEING.
  4787 | D:6      | 4787 ||| FLEEEEING.
  4788 | D:6      | 4788 ||| FLEEEEING.
  4789 | D:6      | 4789 ||| FLEEEEING.
  4790 | D:6      | 4790 ||| FLEEEEING.
  4791 | D:6      | 4791 ||| FLEEEEING.
  4793 | D:6      | 4793 ||| FLEEEEING.
  4794 | D:6      | 4794 ||| FLEEEEING.
  4795 | D:6      | 4795 ||| FLEEEEING.
  4796 | D:6      | 4796 ||| FLEEEEING.
  4797 | D:6      | 4797 ||| FLEEEEING.
  4798 | D:6      | 4798 ||| FLEEEEING.
  4802 | D:6      | 4802 ||| FLEEEEING.
  4803 | D:6      | 4803 ||| FLEEEEING.
  4804 | D:6      | 4804 ||| FLEEEEING.
  4805 | D:6      | 4805 ||| FLEEEEING.
  4807 | D:6      | 4807 ||| STAIRDANCE
  4839 | D:5      | 4839 ||| UPGRADING to ring of ice.
  4840 | D:5      | 4840 ||| DRINKING 2 smoky cyan potions.
  4841 | D:5      | 4841 ||| READING 2 scrolls of identify.
  4841 | D:5      | 4841 ||| IDENTIFYING pink potion
  4842 | D:5      | 4842 ||| DROPPING potion of attraction.
  4845 | D:6      | 4845 ||| STAIRDANCE
  5018 | D:6      | Noticed Edmund
  5030 | D:6      | Killed Edmund
  5031 | D:6      | Reached skill level 6 in Fighting
  5245 | D:6      | 5245 ||| DRINKING 2 yellow potions.
  5246 | D:6      | 5246 ||| DRINKING 2 orange potions.
  5371 | D:7      | Reached skill level 10 in Ranged Weapons
  5437 | D:7      | Found a staircase to the Ecumenical Temple.
  5438 | D:7      | 5438 ||| PLANNING TEMPLE
  5444 | Temple   | Entered the Ecumenical Temple
  5458 | Temple   | 5458 ||| PLANNING OKAWARU WORSHIP
  5622 | Temple   | Became a worshipper of Warmaster Okawaru
  5623 | Temple   | 5623 ||| PLANNING D:1-11
  5690 | D:7      | Noticed Joseph
  5702 | D:7      | HP: 4/56 [Joseph/sling bullet (17)]
  5703 | D:7      | 5703 ||| READING 2 scrolls of teleportation.
  5704 | D:7      | 5704 ||| DRINKING potion of heal wounds.
  5969 | D:7      | Noticed Prince Ribbit
  5977 | D:7      | Killed Prince Ribbit
  6303 | D:8      | Reached * piety under Okawaru
  6306 | D:8      | 6306 ||| INVOKING Heroism.
  6314 | D:8      | HP: 12/57 [centaur/arrow (7)]
  6315 | D:8      | 6315 ||| READING scroll of teleportation.
  6320 | D:8      | 6320 ||| INVOKING Heroism.
  6327 | D:8      | Reached skill level 11 in Ranged Weapons
  6329 | D:8      | Reached XP level 10. HP: 17/63 MP: 8/11
  6490 | D:8      | 6490 ||| SWAPPING to +0 orcbow.
  6491 | D:8      | 6491 ||| DROPPING +3 sling.
  6512 | D:8      | Reached skill level 1 in Invocations
  6545 | D:8      | 6545 ||| READING scroll of acquirement.
  6545 | D:8      | 6545 ||| ACQUIRING +2 longbow of flaming
  6545 | D:8      | Acquired a +2 longbow of flaming
  6547 | D:8      | 6547 ||| SWAPPING to +2 longbow of flaming.
  6548 | D:8      | 6548 ||| DROPPING +0 orcbow.
  6630 | D:8      | Found a large runed translucent door.
  6630 | D:8      | Found a large runed translucent door.
  6645 | D:8      | Noticed a deep elf pyromancer
  6651 | D:8      | Found a large runed translucent door.
  6651 | D:8      | Found a large runed translucent door.
  6665 | D:8      | Noticed Erica
  6666 | D:8      | 6666 ||| INVOKING Heroism.
  6669 | D:8      | Killed Erica
  6670 | D:8      | Reached skill level 3 in Invocations
  6741 | D:8      | Reached ** piety under Okawaru
  6770 | D:8      | 6770 ||| INVOKING Heroism.
  6771 | D:8      | Noticed a cyan ugly thing
  6776 | D:8      | Killed a cyan ugly thing
  6887 | D:8      | Noticed a centaur warrior
  6889 | D:8      | 6889 ||| INVOKING Heroism.
  6892 | D:8      | HP: 15/64 [centaur warrior/arrow (13)]
  6893 | D:8      | 6893 ||| DRINKING potion of heal wounds.
  6896 | D:8      | Killed a centaur warrior
  6896 | D:8      | Identified the staff of the Resonant God {rF+ Str+2 Fire}
  6897 | D:8      | Reached skill level 12 in Ranged Weapons
  7115 | D:8      | Found Lorov's Weapon Emporium.
  7330 | D:8      | 7330 ||| UPGRADING to +3 leather armour of cold resistance.
  7340 | D:8      | 7340 ||| REMOVING ring of ice.
  7341 | D:8      | 7341 ||| READING 2 scrolls labelled INAUPS BELOE.
  7442 | D:8      | 7442 ||| DROPPING scroll of silence.
  7465 | D:9      | Reached skill level 3 in Armour
  7488 | D:9      | 7488 ||| INVOKING Heroism.
  7522 | D:9      | 7522 ||| INVOKING Heroism.
  7575 | D:9      | 7575 ||| Stepping ~*~*~tactically~*~*~ (outnumbered).
  7583 | D:9      | Reached XP level 11. HP: 69/69 MP: 14/14
  7585 | D:9      | Reached *** piety under Okawaru
  7608 | D:9      | Reached skill level 13 in Ranged Weapons
  7790 | D:9      | 7790 ||| INVOKING Heroism.
  7826 | D:9      | Reached skill level 9 in Fighting
  7829 | D:9      | Noticed a two-headed ogre
  7830 | D:9      | 7830 ||| INVOKING Heroism.
  7835 | D:9      | Killed a two-headed ogre
  7878 | D:9      | 7878 ||| INVOKING Heroism.
  7903 | D:9      | Found a staircase to the Lair.
  7925 | D:9      | 7925 ||| INVOKING Heroism.
  8059 | D:9      | 8059 ||| PLANNING LAIR
  8063 | Lair:1   | Entered Level 1 of the Lair of Beasts
  8074 | Lair:1   | 8074 ||| STAIRDANCE
  8079 | D:9      | 8079 ||| INVOKING Heroism.
  8084 | D:9      | HP: 13/71 [yak (7)]
  8333 | Lair:1   | 8333 ||| INVOKING Heroism.
  8346 | Lair:1   | HP: 16/71 [yak (6)]
  8347 | Lair:1   | HP: 5/71 [yak (12)]
  8349 | Lair:1   | Reached skill level 14 in Ranged Weapons
  8353 | Lair:1   | Slain by a yak

Levels and vault maps discovered:
D:1:      enne_arrival_octagon_isle, layout_loops_cross
D:2:      layout_loops_ring, hellmonk_ecumenical_altar_leap_of_faith,
          serial_shops, nicolae_shop_dealshenge
D:3:      layout_rooms, amcnicky_mini_corridor_feature, uniq_grinder
D:4:      layout_basic, cheibrodos_sewer_entry_sluice, uniq_crazy_yiuf_cottage,
          uniq_natasha
D:5:      layout_gridville, marbit_many_paths
D:6:      layout_basic, gammafunk_ghost_arena, uniq_duvessa, uniq_edmund
D:7:      layout_loops_ring, minmay_temple_entry_mist, uniq_joseph,
          uniq_prince_ribbit1
D:8:      layout_basic, serial_shops, nicolae_shop_stone,
          chequers_serial_rivers_room_b, grunt_decor_fettered,
          hangedman_decor_opposing, minmay_misc_feat_enclosed,
          minmay_hollow_rounded_squares, uniq_erica
D:9:      layout_roguey, david_lair_shrubbed
Temple:   nicolae_temple_bog_church
Lair:1:   layout_cave_shapes, lemuel_fruit_tree, serial_bayou_shore_a,
          grunt_megastairs_4

Skill      XL: |  1  2  3  4  5  6  7  8  9 10 11 |
---------------+----------------------------------+-----
Ranged Weapons | 3 5 6 7 9 11 12 14 | 14.0
Fighting       | 2 3 4 5 7 8 9 |  9.2
Armour         | 1 2 3 |  3.2
Dodging        | 2 3 4 5 |  5.2
Invocations    | 4 |  4.5
Spellcasting   | |  1.0
Hexes          | |  2.6

Action                     |  1- 3 |  4- 6 |  7- 9 | 10-12 || total
---------------------------+-------+-------+-------+-------++-------
   Fire: Sling             |   153 |   110 |   562 |     5 ||   830
         Longbow           |       |       |       |   194 ||   194
         Orcbow            |       |       |       |     9 ||     9
 Invoke: Heroism           |       |       |     2 |    11 ||    13
    Use: Scroll            |     9 |     6 |     8 |     2 ||    25
         Potion            |     1 |     2 |     7 |     1 ||    11
 Armour: Robe              |     4 |       |    80 |    12 ||    96
         Leather armour    |     1 |       |       |    29 ||    30
         Ring mail         |    34 |    64 |    66 |       ||   164
  Dodge: Dodged            |    59 |    54 |   238 |   122 ||   473

Table legend:
 A = Non-vault XP
 B = Vault XP
 C = Vault XP percentage of total XP
 D = Non-vault monster count
 E = Vault monster count
 F = Vault count percentage of total count
                 A         B        C        D         E       F
            +---------+---------+-------+---------+---------+-------
      Total |   10035 |    5386 |  34.9 |     218 |      47 |  17.7
            +---------+---------+-------+---------+---------+-------
        D:1 |      23 |       0 |   0.0 |      17 |       0 |   0.0
        D:2 |      55 |       0 |   0.0 |      26 |       0 |   0.0
        D:3 |     102 |     277 |  73.1 |      19 |       1 |   5.0
        D:4 |     480 |      63 |  11.6 |      25 |       5 |  16.7
        D:5 |     544 |      39 |   6.7 |      22 |       1 |   4.3
        D:6 |     802 |     373 |  31.7 |      24 |       3 |  11.1
        D:7 |    1111 |     268 |  19.4 |      21 |       1 |   4.5
        D:8 |     897 |    3019 |  77.1 |      20 |      12 |  37.5
        D:9 |    4714 |     355 |   7.0 |      37 |       1 |   2.6
     Lair:1 |    1307 |     910 |  41.0 |       7 |       3 |  30.0
      Sewer |       0 |      82 | 100.0 |       0 |      20 | 100.0
            +---------+---------+-------+---------+---------+-------
